 Dungeon Crawl Stone Soup version 0.31-a0-1626-g5cb510d322 (webtiles) character file.

Game seed: 14656725745943159442

51 Ivernyr the Shield-Bearer (level 4, -12/37 HPs)
             Began as a Formicid Fighter on Jan 12, 2024.
             Mangled by a gnoll
             ... wielding a +0 halberd
              (13 damage)
             ... on level 2 of the Dungeon.
             The game lasted 00:01:47 (1016 turns).

Ivernyr the Shield-Bearer (Formicid Fighter)        Turns: 1016, Time: 00:01:47

Health: -12/37     AC:  8    Str: 22    XL:     4   Next: 5%
Magic:  4/4        EV:  9    Int:  8    God:
Gold:   78         SH:  5    Dex: 13    Spells: 3/3 levels left

rFire   . . .        a - +0 quarterstaff
rCold   . . .        c - +0 buckler
rNeg    . . .        b - +0 scale mail
rPois   .            (helmet unavailable)
rElec   .            n - +0 cloak
rCorr   .            (no gloves)
SInv    +            (no boots)
Will    .....        (no amulet) Stlth
                     (no ring)
HPRegen 0.26/turn    (no ring)
MPRegen 0.09/turn

%: no passive effects
@: no status effects
A: permanent stasis, dig shafts and tunnels, antennae 3, four strong arms
a: Dig, Shaft Self


You were on level 2 of the Dungeon.
You visited 1 branch of the dungeon, and saw 2 of its levels.

You collected 78 gold pieces.

Inventory:

Hand Weapons
 a - a +0 quarterstaff (weapon)
Armour
 b - a +0 scale mail (worn)
 c - a +0 buckler (worn)
 n - a +0 cloak (worn)
Jewellery
 m - a ring of ice
Scrolls
 e - a scroll of enchant armour {unknown}
 i - a scroll of acquirement {unknown}
 j - a scroll of fear {unknown}
 l - 3 scrolls of teleportation {unknown}
 r - a scroll of noise {unknown}
Potions
 d - 2 potions of might
 f - 2 potions of curing {unknown}
 g - a potion of enlightenment {unknown}
 h - a potion of degeneration {unknown}
 k - 2 potions of ambrosia {unknown}
 o - a potion of attraction {unknown}
 p - a potion of heal wounds {unknown}
 q - a potion of magic {unknown}


   Skills:
 + Level 3.8 Fighting
 + Level 2.5 Staves
 + Level 3.8 Armour
 + Level 4.6 Shields


You had 3 spell levels left.
You didn't know any spells.
Your spell library contained the following spells:

 Spells                   Type           Power      Damage    Failure   Level
 Ensorcelled Hibernation  Hex/Ice        0%         N/A       90%         2
 Passwall                 Erth           0%         N/A       99%         3
 Swiftness                Air            Unusable   N/A       N/A         3

Dungeon Overview and Level Annotations

Branches:
Dungeon (2/15)

Altars:


Innate Abilities, Weirdness & Mutations

You cannot be hasted, slowed, berserked, paralysed or teleported.
You can dig through walls and to a lower floor.
You have a pair of large antennae on your head. (SInv)
Your four strong arms can wield two-handed weapons with a shield.


Message History

You kill the frilled lizard!
You sock the quokka!
You kill the quokka!
The frilled lizard barely misses you.
You see here a quokka corpse.
You sock the frilled lizard!
You kill the frilled lizard!
You see here a frilled lizard corpse.
You open the door.
There is an open door here.
Found a stone staircase leading down.
You sense a monster nearby.
A gnoll comes into view. It is wielding a +0 halberd.
The gnoll shouts!
There is a stone staircase leading down here. 2 gnolls come into view.
The gnoll shouts! x2
A giant cockroach comes into view.
The gnoll barely misses you.
You closely miss the gnoll. The gnoll hits you with a +0 halberd!
You closely miss the gnoll. The gnoll barely misses you.
The gnoll hits you with a +0 flail! The gnoll barely misses you.
You barely miss the gnoll. The gnoll hits you with a +0 halberd.
The gnoll hits you but does no damage.
You barely miss the gnoll. The gnoll hits you with a +0 halberd.
The gnoll hits you with a +0 flail.
You closely miss the gnoll. The gnoll hits you with a +0 halberd!
* * * LOW HITPOINT WARNING * * *
The gnoll hits you with a +0 flail.
* * * LOW HITPOINT WARNING * * *
You hit the gnoll.
The gnoll is moderately wounded.
You block the gnoll's attack. The gnoll hits you but does no damage.
Unknown command.
The gnoll closely misses you. The gnoll attacks as it pursues you!
The gnoll hits you with a +0 flail.
* * * LOW HITPOINT WARNING * * *
There is a stone staircase leading down here.
The gnoll hits you from afar with a +0 halberd!
You die...

.# ,.## ######### ..#
........# ..# ........#
,..# ........# ..####
..).....##########g....#
†...............@ggB...#
##......####.###.#####.#
#.##........# #.#
#.##........# #.#
#.##........# #.#
##.####'####.# #.# ...#
#......# #.# ##.#
##.........#
##.############


You could see 3 gnolls and a giant cockroach.

Vanquished Creatures
  2 dart slugs (D:2)
  4 ball pythons (D:1)
  5 endoplasms
  A giant cockroach (D:1)
  7 goblins
  4 hobgoblins
  2 jackals (D:1)
  4 quokkas
  2 bats
  6 frilled lizards
  3 kobolds
  2 rats (D:1)
42 creatures vanquished.

Notes
Turn   | Place    | Note
-------+----------+-------------------------------------------
     0 | D:1      | Ivernyr the Formicid Fighter began the quest for the Orb.
     0 | D:1      | Reached XP level 1. HP: 18/18 MP: 1/1
   116 | D:1      | Reached XP level 2. HP: 24/24 MP: 2/2
   367 | D:1      | Reached XP level 3. HP: 27/29 MP: 3/3
   947 | D:2      | Reached XP level 4. HP: 37/37 MP: 4/4
  1015 | D:2      | HP: 1/37 [gnoll/+0 flail (2)]
  1016 | D:2      | Mangled by a gnoll

Illustrated notes

Levels and vault maps discovered:
D:1:      roderic_octagonal_star, layout_loops_ring, st_stairs_5
D:2:      layout_basic

Action                     |  1- 3 |  4- 6 || total
---------------------------+-------+-------++-------
  Melee: Quarterstaff      |    89 |     9 ||    98
 Armour: Scale mail        |    45 |    11 ||    56
  Dodge: Dodged            |    37 |     5 ||    42
  Block: Buckler           |    22 |     1 ||    23

Table legend: (Time is in decaauts)
 A = Elapsed time spent in this place.
 B = Non-inter-level travel time spent in this place.
 C = Inter-level travel time spent in this place.
 D = Time resting spent in this place.
 E = Time spent auto-exploring this place.
 F = Levels seen in this place.
 G = Mean time per level.
                   A        B        C        D        E       F      G
               +--------+--------+--------+--------+--------+-----+--------+
         Total |   1037 |   1006 |     31 |      0 |    709 |   2 |  518.5 |
       Dungeon |   1037 |   1006 |     31 |      0 |    709 |   2 |  518.5 |
               +--------+--------+--------+--------+--------+-----+--------+

Top non-repeatable levels by time:
     D:1: 742 daAuts
     D:2: 294 daAuts
